 Adventure DCSS version bcrawl-1.27.3 (webtiles) character file.

Game seed: 12759062872864721591

135499 galech the Covered (level 3, 29/29 HPs)
             Began as a Demonspawn Fighter on Sept 21, 2020.
             Quit the game on level 4 of the Dungeon.
             The game lasted 00:01:45 (1187 turns).

galech the Covered (Demonspawn Fighter)             Turns: 1187, Time: 00:01:46

Health: 29/29      AC:  6    Str: 17    XL:     3   Next: 66%
Magic:  3/3        EV:  5    Int:  9    God:
Gold:   114        SH:  9    Dex: 13    Spells: 2/2 levels left
                                        Lives:  1   Deaths: 1

rFire    . . .     SeeInvis .   a - +0 war axe
rCold    . . .     Gourm    .   c - +0 medium shield
rNeg     . . .     Faith    .   b - +0 scale mail
rPois    .         Spirit   .   (helmet restricted)
rElec    .         Reflect  .   (no cloak)
rCorr    .         Harm     .   (no gloves)
MR       .....                  (no boots)
Stlth    ..........             (no amulet)
HPRegen  0.09/turn              (no ring)
MPRegen  0.08/turn              (no ring)

@: no status effects
A: antennae 2, claws 1
a: no special abilities


You were on level 4 of the Dungeon.
You were not hungry.

You visited 1 branch of the dungeon, and saw 4 of its levels.

You collected 114 gold pieces.

Inventory:

Hand Weapons
 a - a +0 war axe (weapon)
Armour
 b - a +0 scale mail (worn)
 c - a +0 medium shield (worn)
Scrolls
 f - 2 scrolls of identify
 g - a scroll of fog {unknown}
 h - 3 scrolls of remove curse {unknown}
 j - 2 scrolls of fear {unknown}
 m - a scroll of immolation {unknown}
Potions
 i - a potion of brilliance {unknown}
 l - a potion of lignification {unknown}
 n - a potion of haste {unknown}
Comestibles
 e - 4 rations {!d}
 k - 2 chunks of flesh


   Skills:
 + Level 3.4 Fighting
 + Level 2.6 Axes
 + Level 3.5 Armour
 + Level 0.4 Dodging
 + Level 3.4 Shields


You had 2 spell levels left.
You didn't know any spells.
Your spell library was empty.

Dungeon Overview and Level Annotations

Branches:
Dungeon (4/12)
 Temple: D:4-7

Altars:
Gozag

Annotations:
D:2 Robin


Innate Abilities, Weirdness & Mutations

You have a pair of antennae on your head.
You have sharp fingernails.


Message History

An ogre comes into view. It is wielding a +0 giant spiked club.
The phantom blinks!
You block the phantom's attack.
You miss the phantom. You block the phantom's attack.
You closely miss the phantom.
A hound comes into view.
You block the phantom's attack.
The hound barks!
You slice the phantom!!
The phantom is severely damaged.
You barely miss the hound. The hound bites you.
* * * LOW HITPOINT WARNING * * *
You block the phantom's attack. You block the hound's attack.
The phantom hits you.
You die...
The hound bites you.
Xom reaches out...
You are now level 3!
You rejoin the land of the living...
Are you sure you want to abandon this character and quit the game? (Confirm with "yes".)

#.#
#.#
#.#
#.#
#.#
#.#
#.#
#@#
#...#
#####


There were no monsters in sight!

Vanquished Creatures
  A howler monkey (D:4)
  An adder (D:4)
  2 oozes
  An orc (D:2)
  2 ball pythons
  4 giant cockroaches
  7 goblins
  9 hobgoblins
  6 jackals
  5 kobolds
  A quokka (D:2)
  4 bats
  3 frilled lizards (D:1)
  3 rats
49 creatures vanquished.

Notes
Turn   | Place    | Note
-------+----------+-------------------------------------------
     0 | D:1      | galech the Demonspawn Fighter began the quest for the Orb.
     0 | D:1      | Reached XP level 1. HP: 18/18 MP: 1/1
    74 | D:1      | Gained mutation: You have a pair of small antennae on your
                  | head. [demonic ancestry]
    74 | D:1      | Reached XP level 2. HP: 24/24 MP: 2/2
   488 | D:1      | Gained mutation: You have a pair of antennae on your head.
                  | [demonic ancestry]
   488 | D:1      | Reached XP level 3. HP: 27/29 MP: 3/3
   730 | D:2      | Found an opulent altar of Gozag.
  1139 | D:2      | Noticed Robin
  1166 | D:3      | Noticed an ogre
  1172 | D:4      | Noticed a phantom
  1177 | D:4      | Gained mutation: You have sharp fingernails. [demonic
                  | ancestry]
  1177 | D:4      | Reached XP level 4. HP: 17/35 MP: 4/4
  1180 | D:4      | Noticed an ogre
  1186 | D:4      | Slain by a phantom
  1187 | D:4      | Reached XP level 3. HP: 0/29 MP: 3/3
  1187 | D:4      | Quit the game

Skill      XL: |  1  2 |
---------------+-------+-----
Shields        | 3 |  3.4
Armour         | 3 |  3.5
Axes           | 2 |  2.6
Fighting       | |  3.4
Dodging        | |  0.4

Action                   |  1- 3 |  4- 6 || total
-------------------------+-------+-------++-------
Melee: War axe           |   150 |     5 ||   155
  Use: Potion            |     1 |       ||     1
  Eat: Chunk             |     7 |       ||     7
Armor: Scale mail        |   128 |       ||   128
Dodge: Dodged            |    64 |       ||    64
Block: Medium shield     |   107 |     5 ||   112
